[Event "Navidad Barcelona IM1 2024"]
[Site "Barcelona"]
[Date "2024.12.26"]
[Round "1.1"]
[White "Garcia Ramos, Daniel"]
[Black "Garcia-Castany Musellas, Gal.la"]
[Result "1-0"]
[ECO "C16"]
[WhiteElo "2445"]
[BlackElo "2205"]
[Annotator "TA"]
[PlyCount "49"]
[EventDate "2024.12.26"]
[EventCountry "ESP"]
[SourceTitle "playchess.com"]
[Source "ChessBase"]
[SourceQuality "1"]
[TimeControl "5400+30"]

1. e4 e6 2. d4 d5 3. Nc3 Bb4 4. e5 b6 5. Qg4 Bf8 6. Nf3 Ne7 7. a4 (7. Bg5 {with more complications.} Bb7 8. Bb5+ c6 9. Bd3) 7... Ba6 8. Nb5 Qd7 9. b3 Ng6 (9... h5 $11 {remains equal.} 10. Qg5 Nf5) 10. h4 $16 {[%emt 0:00:30] White is much more active.} h5 11. Qg3 Ne7 12. Bd3 Nf5 $2 (12... Nbc6 $16 {is more resistant.}) 13. Bxf5 $18 exf5 14. e6 Qc6 (14... Qxe6+ $142 15. Kd1 Qc8 (15... Bxb5 $2 16. Re1 $18) 16. Re1+ (16. Qxc7 Qxc7 17. Nxc7+ Kd7 $18) (16. Nxc7+ Kd7 $18) 16... Kd8) 15. Ne5 Qxc2 16. O-O Bxb5 17. axb5 f4 18. exf7+ Kd8 19. Qg5+ Be7 20. Qxg7 Qh7 21. Qxh7 Rxh7 {[%emt 0:00:30] Black is weak on the light squares} 22. Bxf4 Bd6 23. Rfe1 Ke7 24. Nf3+ Kf8 25. Bxd6+ 1-0

[Event "Navidad Barcelona IM1 2024"]
[Site "Barcelona"]
[Date "2024.12.26"]
[Round "1.2"]
[White "Perez Perez, Gabriel"]
[Black "Martin Gonzalez, Angel"]
[Result "1-0"]
[ECO "B76"]
[WhiteElo "2201"]
[BlackElo "2197"]
[Annotator "RC"]
[PlyCount "59"]
[EventDate "2024.12.26"]
[EventCountry "ESP"]
[SourceTitle "playchess.com"]
[Source "ChessBase"]
[SourceQuality "1"]
[TimeControl "5400+30"]

1. e4 c5 2. Nf3 d6 3. d4 cxd4 4. Nxd4 Nf6 5. Nc3 g6 6. Be3 Bg7 7. f3 Nc6 8. Qd2 O-O 9. O-O-O d5 10. exd5 Nxd5 11. Nxc6 bxc6 12. Bd4 e5 13. Bc5 Be6 14. Ne4 Re8 15. Bc4 Qc7 16. Bd6 Qb6 17. Bc5 Qc7 18. Bb3 Red8 19. Qf2 Nf4 20. Bxe6 Nxe6 21. Ba3 f5 22. Rxd8+ Rxd8 23. Nc5 Qb6 24. Qh4 g5 25. Qc4 Rd5 26. Nxe6 Qf2 27. Nc7 Qd2+ 28. Kb1 Qxg2 29. Rc1 Qxf3 30. Qxc6 1-0

[Event "Navidad Barcelona IM1 2024"]
[Site "Barcelona"]
[Date "2024.12.26"]
[Round "1.3"]
[White "Zrikem, Nassim"]
[Black "Munoz, Miguel"]
[Result "1/2-1/2"]
[ECO "B30"]
[WhiteElo "2204"]
[BlackElo "2325"]
[Annotator "RC"]
[PlyCount "28"]
[EventDate "2024.12.26"]
[EventCountry "ESP"]
[SourceTitle "playchess.com"]
[Source "ChessBase"]
[SourceQuality "1"]
[TimeControl "5400+30"]

1. e4 c5 2. Nf3 Nc6 3. Bb5 Nf6 4. Qe2 e5 5. Bxc6 dxc6 6. d3 Nd7 7. a4 b6 8. Na3 Be7 9. h4 h5 10. Bg5 f6 11. Be3 Nf8 12. Rd1 Bg4 13. c3 Ne6 14. Nc2 Qc7 1/2-1/2

[Event "Navidad Barcelona IM1 2024"]
[Site "Barcelona"]
[Date "2024.12.26"]
[Round "1.4"]
[White "Villar Reymundo, Juan Antonio"]
[Black "Uber Gracia, Hugo"]
[Result "1/2-1/2"]
[ECO "B29"]
[WhiteElo "2147"]
[BlackElo "2315"]
[Annotator "RC"]
[PlyCount "42"]
[EventDate "2024.12.26"]
[EventCountry "ESP"]
[SourceTitle "playchess.com"]
[Source "ChessBase"]
[SourceQuality "1"]
[TimeControl "5400+30"]

1. e4 c5 2. Nf3 Nf6 3. e5 Nd5 4. g3 e6 5. Bg2 Nc6 6. O-O d6 7. exd6 Bxd6 8. Nc3 Nxc3 9. dxc3 h6 10. Be3 O-O 11. Nd2 Be7 12. Qh5 Qc7 13. Ne4 b6 14. Bf4 e5 15. Bxh6 gxh6 16. Qxh6 Be6 17. Ng5 Bxg5 18. Qxg5+ Kh7 19. Qh5+ Kg7 20. Qg5+ Kh7 21. Qh5+ Kg7 1/2-1/2

[Event "Navidad Barcelona IM1 2024"]
[Site "Barcelona"]
[Date "2024.12.26"]
[Round "1.5"]
[White "Sviridenko, Yaroslav"]
[Black "Alcala Gonzalez, Cesar"]
[Result "1-0"]
[ECO "E20"]
[WhiteElo "2120"]
[BlackElo "2257"]
[Annotator "RC"]
[PlyCount "63"]
[EventDate "2024.12.26"]
[EventCountry "ESP"]
[SourceTitle "playchess.com"]
[Source "ChessBase"]
[SourceQuality "1"]
[TimeControl "5400+30"]

1. d4 d5 2. c4 e6 3. Nf3 Nf6 4. g3 Bb4+ 5. Nc3 O-O 6. Bg2 dxc4 7. O-O Nc6 8. a3 Be7 9. e4 a6 10. Be3 b5 11. Qc2 Bb7 12. Rad1 Na5 13. Rfe1 Re8 14. d5 exd5 15. e5 Ng4 16. Bf4 Bc5 17. Ng5 g6 18. Bxd5 Bxf2+ 19. Qxf2 Nxf2 20. Bxf7+ Kg7 21. Kxf2 Qe7 22. e6 Red8 23. Be5+ Kh6 24. Nge4 Bxe4 25. Nxe4 c6 26. Bf6 Qa7+ 27. Kg2 Rxd1 28. Rxd1 c3 29. Bg5+ Kh5 30. h4 Kg4 31. Rf1 Qc7 32. Nf6# 1-0

[Event "Navidad Barcelona IM1 2024"]
[Site "Barcelona"]
[Date "2024.12.27"]
[Round "2.1"]
[White "Garcia-Castany Musellas, Gal.la"]
[Black "Alcala Gonzalez, Cesar"]
[Result "1-0"]
[ECO "B13"]
[WhiteElo "2205"]
[BlackElo "2257"]
[Annotator "RC"]
[PlyCount "93"]
[EventDate "2024.12.26"]
[EventCountry "ESP"]
[SourceTitle "playchess.com"]
[Source "ChessBase"]
[SourceQuality "1"]
[TimeControl "5400+30"]

1. e4 c6 2. c4 d5 3. cxd5 cxd5 4. exd5 Nf6 5. Nc3 Nxd5 6. Nf3 Nc6 7. d4 a6 8. Bc4 Nxc3 9. bxc3 Bf5 10. O-O e6 11. a4 Be7 12. Be3 O-O 13. Bd3 Bxd3 14. Qxd3 Rc8 15. Rfc1 Qd7 16. c4 Rfd8 17. Rab1 Bf6 18. Qe4 Bxd4 19. Rd1 f5 20. Qc2 e5 21. Nxe5 Nxe5 22. Rxd4 Qf7 23. c5 Rxd4 24. Bxd4 Nc6 25. Ba1 Rd8 26. h3 Qd5 27. Qc3 Rd7 28. Re1 Nd4 29. Qe3 Qe4 30. Qxe4 fxe4 31. Rxe4 Nb3 32. Bc3 Nxc5 33. Rc4 Rd5 34. f4 b5 35. axb5 axb5 36. Rb4 Nd3 37. Re4 Rc5 38. Bd4 Rc1+ 39. Kh2 Rc4 40. f5 Kf7 41. Rg4 g6 42. f6 b4 43. Re4 b3 44. Re7+ Kf8 45. Be3 Nf4 46. Rb7 Re4 47. Bc5+ 1-0

[Event "Navidad Barcelona IM1 2024"]
[Site "Barcelona"]
[Date "2024.12.27"]
[Round "2.2"]
[White "Uber Gracia, Hugo"]
[Black "Sviridenko, Yaroslav"]
[Result "1-0"]
[ECO "A21"]
[WhiteElo "2315"]
[BlackElo "2120"]
[Annotator "RC"]
[PlyCount "71"]
[EventDate "2024.12.26"]
[EventCountry "ESP"]
[SourceTitle "playchess.com"]
[Source "ChessBase"]
[SourceQuality "1"]
[TimeControl "5400+30"]

1. c4 e5 2. Nc3 Bb4 3. Nd5 Be7 4. d4 exd4 5. Qxd4 Nf6 6. Nxe7 Qxe7 7. Bg5 Nc6 8. Qc3 d6 9. Nf3 Be6 10. e3 Rg8 11. Bd3 h6 12. Bh4 g5 13. Bg3 O-O-O 14. O-O-O Nd7 15. Nd4 Nce5 16. Be2 Kb8 17. f4 Nc6 18. Nxc6+ bxc6 19. Bf3 Nb6 20. Bxc6 Bxc4 21. a4 a5 22. Rhe1 d5 23. Qxa5 Rg6 24. Bb5 gxf4 25. exf4 Qc5 26. Qc3 d4 27. Bf2 Rgd6 28. Qc2 Qb4 29. Bxc4 Nxc4 30. Rd3 Na5 31. Re5 Rd5 32. Be1 Qb6 33. Bxa5 Qxa5 34. Rxd4 Qc5 35. Rdxd5 Rxd5 36. Qxc5 1-0

[Event "Navidad Barcelona IM1 2024"]
[Site "Barcelona"]
[Date "2024.12.27"]
[Round "2.3"]
[White "Munoz, Miguel"]
[Black "Villar Reymundo, Juan Antonio"]
[Result "1-0"]
[ECO "B11"]
[WhiteElo "2325"]
[BlackElo "2147"]
[Annotator "RC"]
[PlyCount "83"]
[EventDate "2024.12.26"]
[EventCountry "ESP"]
[SourceTitle "playchess.com"]
[Source "ChessBase"]
[SourceQuality "1"]
[TimeControl "5400+30"]

1. e4 c6 2. Nc3 g6 3. g3 Bg7 4. Bg2 c5 5. d3 Nc6 6. f4 d6 7. Nf3 e6 8. Be3 Nge7 9. Qd2 Nd4 10. Nd1 Qc7 11. O-O O-O 12. Nh4 f5 13. c3 Ndc6 14. Rc1 b6 15. Nf2 Ba6 16. Rfe1 d5 17. e5 Rac8 18. d4 Na5 19. b3 c4 20. b4 Nac6 21. a4 Bb7 22. Nf3 a5 23. b5 Nd8 24. h3 Nf7 25. g4 Nh6 26. Kh1 Rcd8 27. Rg1 Bc8 28. Bf1 Kh8 29. Be2 Bd7 30. Rg2 Be8 31. Rcg1 Bf7 32. Bd1 Bg8 33. Bc2 Qd7 34. Qe1 Nc8 35. Nd1 Rde8 36. Bc1 Qe7 37. Nh4 Bf7 38. Ne3 Rd8 39. gxf5 exf5 40. Nexf5 Nxf5 41. Nxf5 Qd7 42. Qh4 1-0

[Event "Navidad Barcelona IM1 2024"]
[Site "Barcelona"]
[Date "2024.12.27"]
[Round "2.4"]
[White "Martin Gonzalez, Angel"]
[Black "Zrikem, Nassim"]
[Result "0-1"]
[ECO "C90"]
[WhiteElo "2197"]
[BlackElo "2204"]
[Annotator "RC"]
[PlyCount "100"]
[EventDate "2024.12.26"]
[EventCountry "ESP"]
[SourceTitle "playchess.com"]
[Source "ChessBase"]
[SourceQuality "1"]
[TimeControl "5400+30"]

1. e4 e5 2. Nf3 Nc6 3. Bb5 a6 4. Ba4 Nf6 5. O-O Be7 6. Re1 b5 7. Bb3 d6 8. c3 O-O 9. a4 Bd7 10. d4 Bg4 11. d5 Na5 12. Bc2 Qd7 13. Nbd2 c6 14. h3 Bh5 15. dxc6 Qxc6 16. Nf1 Nc4 17. a5 Qc7 18. b4 Rfd8 19. Ng3 Bg6 20. Nh4 d5 21. Nxg6 hxg6 22. exd5 Nxd5 23. Qf3 f5 24. Rb1 Bf6 25. Ne4 fxe4 26. Bxe4 Qf7 27. Rd1 Nc7 28. Bxa8 Rxd1+ 29. Qxd1 Nxa8 30. Qg4 Qe7 31. Be3 Nxe3 32. fxe3 Nc7 33. Rd1 Ne6 34. Qxg6 Qc7 35. Qe4 Kf7 36. Rd3 Ke7 37. Qa8 e4 38. Qxe4 Bxc3 39. Rd5 Qc6 40. h4 Be1 41. Kf1 Qc1 42. Ke2 Bc3 43. Rc5 Qd2+ 44. Kf3 Qd1+ 45. Kg3 Qd6+ 46. Kg4 Bxb4 47. Re5 Bxa5 48. Kf5 Kf7 49. h5 Nc5 50. Rd5 Nxe4 0-1

[Event "Navidad Barcelona IM1 2024"]
[Site "Barcelona"]
[Date "2024.12.27"]
[Round "2.5"]
[White "Garcia Ramos, Daniel"]
[Black "Perez Perez, Gabriel"]
[Result "1/2-1/2"]
[ECO "C54"]
[WhiteElo "2445"]
[BlackElo "2201"]
[Annotator "TA"]
[PlyCount "32"]
[EventDate "2024.12.26"]
[EventCountry "ESP"]
[SourceTitle "playchess.com"]
[Source "ChessBase"]
[SourceQuality "1"]
[TimeControl "5400+30"]

1. e4 e5 2. Nf3 Nc6 3. Bc4 Nf6 4. d3 Bc5 5. O-O d6 6. c3 a6 7. a4 Ba7 8. Nbd2 h6 9. Re1 Nh7 10. b4 Qf6 11. d4 g5 12. dxe5 dxe5 {[%emt 0:17:03] and ...g4 would now be decisive} 13. Kh1 (13. Rf1 $11) 13... h5 (13... Bxf2 $2 {perishes.} 14. Rf1 $18) ({Better is} 13... g4 $15 14. Ng1 h5 (14... Bxf2 15. Rf1 $16)) 14. Nf1 (14. Rf1 $11) 14... g4 $1 $17 ({But not} 14... Bxf2 $6 15. Re2 Ba7 16. Be3 $11) 15. Ng1 Bxf2 16. Re2 Be6 1/2-1/2

[Event "Navidad Barcelona IM1 2024"]
[Site "Barcelona"]
[Date "2024.12.27"]
[Round "3.1"]
[White "Perez Perez, Gabriel"]
[Black "Garcia-Castany Musellas, Gal.la"]
[Result "1-0"]
[ECO "C54"]
[WhiteElo "2201"]
[BlackElo "2205"]
[Annotator "ChessBase"]
[PlyCount "121"]
[EventDate "2024.12.26"]
[EventCountry "ESP"]
[SourceTitle "playchess.com"]
[Source "ChessBase"]
[SourceQuality "1"]
[TimeControl "5400+30"]

1. e4 e5 2. Nf3 Nc6 3. Bc4 Bc5 4. c3 Nf6 5. d4 exd4 6. b4 Bb6 7. e5 d5 8. exf6 dxc4 9. b5 Na5 10. Qe2+ Be6 11. fxg7 Rg8 12. cxd4 Rxg7 13. O-O Kd7 14. g3 f6 15. Nc3 Qe7 16. Bh6 Rgg8 17. Rfe1 Rae8 18. d5 Bg4 19. Qd2 Qf7 20. Nh4 f5 21. Be3 Bxe3 22. Rxe3 Bh3 23. Ne2 Qf6 24. Qd4 Qxd4 25. Nxd4 f4 26. Rxe8 Rxe8 27. Ng2 fxg3 28. hxg3 Bxg2 29. Kxg2 Kd6 30. Nf3 Kxd5 31. Rd1+ Kc5 32. Rd7 Kb6 33. Ng5 c6 34. bxc6 Kxc6 35. Rxh7 c3 36. Rh1 Kb5 37. Rc1 Rc8 38. Ne4 Rd8 39. Nxc3+ Kb4 40. g4 Nc4 41. g5 Ne5 42. Ne4 b5 43. Rc7 a5 44. f4 Ng6 45. Rf7 Rd3 46. Rf6 Nh4+ 47. Kf2 Rf3+ 48. Ke2 Ra3 49. g6 Rxa2+ 50. Kd3 Rg2 51. Ng5 Nxg6 52. Rxg6 a4 53. Ra6 a3 54. Nf3 Rg3 55. Ke4 Kb3 56. Nd4+ Kb2 57. Rb6 a2 58. Rxb5+ Kc1 59. Ne2+ Kd1 60. Ra5 Kxe2 61. Rxa2+ 1-0

[Event "Navidad Barcelona IM1 2024"]
[Site "Barcelona"]
[Date "2024.12.27"]
[Round "3.2"]
[White "Zrikem, Nassim"]
[Black "Garcia Ramos, Daniel"]
[Result "0-1"]
[ECO "B13"]
[WhiteElo "2204"]
[BlackElo "2445"]
[Annotator "ChessBase"]
[PlyCount "128"]
[EventDate "2024.12.26"]
[EventCountry "ESP"]
[SourceTitle "playchess.com"]
[Source "ChessBase"]
[SourceQuality "1"]
[TimeControl "5400+30"]

1. Nf3 Nf6 2. d4 d5 3. e3 c5 4. Bd3 cxd4 5. exd4 Nc6 6. h3 g6 7. O-O Bf5 8. c3 Bxd3 9. Qxd3 e6 10. Bf4 Nh5 11. Bh2 Bd6 12. Qe3 Bxh2+ 13. Nxh2 Ng7 14. Nd2 Nf5 15. Qe2 O-O 16. Nb3 Qc7 17. Nf3 Rfe8 18. Rfe1 Rad8 19. Nc1 f6 20. Nd3 Nd6 21. Nh2 Ne4 22. Ng4 h5 23. Ne3 Kg7 24. Rad1 b6 25. Qf3 Ng5 26. Qe2 e5 27. h4 Ne6 28. dxe5 fxe5 29. f3 Qe7 30. Qf2 Qf6 31. Qg3 Nf4 32. Nf1 d4 33. Nxf4 exf4 34. Qg5 Qxg5 35. hxg5 Rxe1 36. Rxe1 dxc3 37. bxc3 Rd3 38. Re4 Rxc3 39. Rxf4 Rc5 40. Rf6 Nb4 41. Rd6 Rd5 42. Re6 Rxg5 43. Re7+ Kf6 44. Rxa7 Ra5 45. Rb7 Nd5 46. Rd7 Ke6 47. Rg7 Kf6 48. Rd7 Ke6 49. Rg7 Rxa2 50. Rxg6+ Kf5 51. Rd6 Ke5 52. Rh6 b5 53. Rxh5+ Kd4 54. Rh4+ Kc5 55. g4 b4 56. g5 b3 57. g6 b2 58. g7 Nf6 59. Nd2 Ra1+ 60. Kf2 Rd1 61. Ne4+ Nxe4+ 62. Rxe4 b1=Q 63. g8=Q Rf1+ 64. Ke3 Qc1+ 0-1

[Event "Navidad Barcelona IM1 2024"]
[Site "Barcelona"]
[Date "2024.12.27"]
[Round "3.3"]
[White "Villar Reymundo, Juan Antonio"]
[Black "Martin Gonzalez, Angel"]
[Result "1-0"]
[ECO "D34"]
[WhiteElo "2147"]
[BlackElo "2197"]
[Annotator "RC"]
[PlyCount "53"]
[EventDate "2024.12.26"]
[EventCountry "ESP"]
[SourceTitle "playchess.com"]
[Source "ChessBase"]
[SourceQuality "1"]
[TimeControl "5400+30"]

1. d4 d5 2. Nf3 c5 3. c4 e6 4. cxd5 exd5 5. g3 Nc6 6. Bg2 Nf6 7. O-O Be7 8. Nc3 O-O 9. dxc5 d4 10. Na4 Qd5 11. Ng5 Qd7 12. e4 h6 13. Nh3 Nxe4 14. Bxe4 Qxh3 15. Bf4 Bf6 16. Qb3 Ne5 17. Bxe5 Bxe5 18. Bxb7 Rb8 19. Bg2 Qh5 20. Qd3 Bh3 21. Bxh3 Qxh3 22. Rfe1 Rfe8 23. b3 h5 24. Re4 Qf5 25. Rae1 Re6 26. Nb2 Rbe8 27. Rxe5 1-0

[Event "Navidad Barcelona IM1 2024"]
[Site "Barcelona"]
[Date "2024.12.27"]
[Round "3.4"]
[White "Sviridenko, Yaroslav"]
[Black "Munoz, Miguel"]
[Result "0-1"]
[ECO "A61"]
[WhiteElo "2120"]
[BlackElo "2325"]
[Annotator "RC"]
[PlyCount "58"]
[EventDate "2024.12.26"]
[EventCountry "ESP"]
[SourceTitle "playchess.com"]
[Source "ChessBase"]
[SourceQuality "1"]
[TimeControl "5400+30"]

1. d4 Nf6 2. c4 e6 3. Nf3 c5 4. d5 exd5 5. cxd5 d6 6. Nc3 g6 7. h3 Bg7 8. Bf4 O-O 9. e3 a6 10. a4 Ne8 11. e4 Nd7 12. Qd2 Rb8 13. Bd3 Qe7 14. O-O f6 15. Bh2 Ne5 16. Ne1 f5 17. exf5 gxf5 18. Bf4 Nc7 19. Bg5 Bf6 20. Bxf6 Qxf6 21. f4 Nxd3 22. Qxd3 b5 23. axb5 axb5 24. Nf3 h6 25. Rfe1 Qf7 26. Ra7 Rb7 27. Rxb7 Bxb7 28. Nh4 b4 29. Qg3+ Kh7 0-1

[Event "Navidad Barcelona IM1 2024"]
[Site "Barcelona"]
[Date "2024.12.27"]
[Round "3.5"]
[White "Alcala Gonzalez, Cesar"]
[Black "Uber Gracia, Hugo"]
[Result "1/2-1/2"]
[ECO "D11"]
[WhiteElo "2257"]
[BlackElo "2315"]
[Annotator "RC"]
[PlyCount "112"]
[EventDate "2024.12.26"]
[EventCountry "ESP"]
[SourceTitle "playchess.com"]
[Source "ChessBase"]
[SourceQuality "1"]
[TimeControl "5400+30"]

1. d4 d5 2. c4 c6 3. Nf3 Nf6 4. g3 Bf5 5. Nc3 e6 6. Nh4 Bg6 7. Nxg6 hxg6 8. Qd3 Nbd7 9. Bg2 Be7 10. O-O O-O 11. Rd1 Qc7 12. Bf4 Bd6 13. Bg5 Rfe8 14. Rac1 Qa5 15. c5 Bf8 16. Rb1 e5 17. b4 Qc7 18. e4 dxe4 19. Nxe4 Be7 20. Bxf6 Nxf6 21. dxe5 Qxe5 22. Nd6 Bxd6 23. Qxd6 Qf5 24. b5 Re6 25. Qf4 Qxc5 26. bxc6 bxc6 27. Rdc1 Qa3 28. Bxc6 Rd8 29. Qa4 Qe7 30. Rd1 Rc8 31. Bf3 a6 32. Rb7 Qc5 33. Qb4 Qf5 34. Rb8 Ree8 35. Rxc8 Rxc8 36. Kg2 Qb5 37. Qxb5 axb5 38. Be2 b4 39. Rd4 Rb8 40. Bc4 Kf8 41. h4 Ke7 42. Bb3 Rb7 43. Kf3 Nd7 44. Ke4 Rb5 45. Rxd7+ Kxd7 46. Ba4 Kc6 47. Kd4 Kb6 48. Bxb5 Kxb5 49. g4 f5 50. gxf5 gxf5 51. h5 f4 52. f3 Ka4 53. Kc5 Ka3 54. Kc4 Ka4 55. Kc5 Ka3 56. Kc4 Ka4 1/2-1/2

[Event "Navidad Barcelona IM1 2024"]
[Site "Barcelona"]
[Date "2024.12.28"]
[Round "4.1"]
[White "Garcia-Castany Musellas, Gal.la"]
[Black "Uber Gracia, Hugo"]
[Result "1/2-1/2"]
[ECO "B12"]
[WhiteElo "2205"]
[BlackElo "2315"]
[Annotator "RC"]
[PlyCount "127"]
[EventDate "2024.12.26"]
[EventCountry "ESP"]
[SourceTitle "playchess.com"]
[Source "ChessBase"]
[SourceQuality "1"]
[TimeControl "5400+30"]

1. e4 c6 2. d4 d5 3. e5 c5 4. dxc5 e6 5. c3 Nd7 6. Nf3 Bxc5 7. Nbd2 Ne7 8. Nb3 Bb6 9. Bd3 Ng6 10. Qe2 Qc7 11. Bxg6 hxg6 12. O-O Nc5 13. Nbd4 Ne4 14. Nb5 Qd8 15. c4 O-O 16. Be3 Bd7 17. Bxb6 Qxb6 18. Nbd4 Rac8 19. Rac1 Bc6 20. b3 Rfd8 21. Rc2 Rc7 22. Rfc1 Rcd7 23. c5 Qb4 24. Qe3 Re8 25. Ne1 f6 26. Nd3 Qa5 27. b4 Qa6 28. h4 Bb5 29. Nxb5 Qxb5 30. Kh2 fxe5 31. Nxe5 Rc7 32. f3 Nf6 33. Qf4 Nh5 34. Qg4 Nf6 35. Qd4 Kh7 36. a3 Rce7 37. c6 bxc6 38. Rxc6 Nd7 39. Rc7 Nxe5 40. Qxe5 Qd3 41. Qg5 Qf5 42. Rxe7 Rxe7 43. Rc6 Qf6 44. a4 Kg8 45. b5 Kf7 46. Qg3 Rb7 47. Rc8 d4 48. Qd6 Qxh4+ 49. Kg1 Re7 50. g3 Qg5 51. g4 Qe3+ 52. Kg2 d3 53. Rd8 Qe2+ 54. Kg3 Qe1+ 55. Kg2 Qd2+ 56. Kh3 Qc1 57. Qxd3 Qh1+ 58. Kg3 g5 59. Qe3 Qa1 60. Qxg5 Qg1+ 61. Kh3 Qh1+ 62. Kg3 Qg1+ 63. Kh3 Qh1+ 64. Kg3 1/2-1/2

[Event "Navidad Barcelona IM1 2024"]
[Site "Barcelona"]
[Date "2024.12.28"]
[Round "4.2"]
[White "Munoz, Miguel"]
[Black "Alcala Gonzalez, Cesar"]
[Result "1/2-1/2"]
[ECO "B11"]
[WhiteElo "2325"]
[BlackElo "2257"]
[Annotator "RC"]
[PlyCount "110"]
[EventDate "2024.12.26"]
[EventCountry "ESP"]
[SourceTitle "playchess.com"]
[Source "ChessBase"]
[SourceQuality "1"]
[TimeControl "5400+30"]

1. e4 c6 2. Nc3 d5 3. Nf3 dxe4 4. Nxe4 Nf6 5. Qe2 Na6 6. d4 Nxe4 7. Qxe4 Qd5 8. Qxd5 cxd5 9. Bb5+ Bd7 10. Bxd7+ Kxd7 11. Ne5+ Ke8 12. Nd3 e6 13. Bf4 Nb4 14. Kd2 Nc6 15. c3 h5 16. h4 Be7 17. Rae1 b5 18. Ne5 Rc8 19. Nxc6 Rxc6 20. a3 g6 21. Kd3 Kd7 22. Bd2 a5 23. f3 Ra8 24. g4 b4 25. axb4 axb4 26. g5 Ra2 27. Rb1 Rb6 28. c4 dxc4+ 29. Kxc4 b3 30. Bc3 Ra4+ 31. Kd3 Bd6 32. Ra1 Rba6 33. Rxa4 Rxa4 34. f4 Bxf4 35. Rf1 e5 36. dxe5 Ke6 37. Bd4 Bxe5 38. Bxe5 Kxe5 39. Rxf7 Rxh4 40. Rf6 Rg4 41. Rxg6 Kf5 42. Rg8 Rxg5 43. Rf8+ Kg4 44. Kc4 h4 45. Kxb3 h3 46. Rh8 Kg3 47. Kc4 h2 48. Rxh2 Kxh2 49. b4 Kg3 50. b5 Kf4 51. b6 Rg1 52. Kd5 Rb1 53. Kc6 Ke5 54. b7 Ke6 55. Kc7 Rc1+ 1/2-1/2

[Event "Navidad Barcelona IM1 2024"]
[Site "Barcelona"]
[Date "2024.12.28"]
[Round "4.3"]
[White "Martin Gonzalez, Angel"]
[Black "Sviridenko, Yaroslav"]
[Result "1/2-1/2"]
[ECO "B14"]
[WhiteElo "2197"]
[BlackElo "2120"]
[Annotator "RC"]
[PlyCount "101"]
[EventDate "2024.12.26"]
[EventCountry "ESP"]
[SourceTitle "playchess.com"]
[Source "ChessBase"]
[SourceQuality "1"]
[TimeControl "5400+30"]

1. e4 c6 2. c4 d5 3. exd5 cxd5 4. cxd5 Nf6 5. Nc3 Nxd5 6. Nf3 e6 7. d4 Bb4 8. Qc2 Nc6 9. Bd3 Nce7 10. O-O h6 11. Bb5+ Bd7 12. Bxd7+ Qxd7 13. Ne5 Qd8 14. Qa4+ Kf8 15. Bd2 Bd6 16. Rad1 Nxc3 17. bxc3 Bxe5 18. dxe5 Qc7 19. Be3 Nc6 20. Bc5+ Kg8 21. Bd6 Qa5 22. Qb3 b6 23. Rfe1 Rc8 24. Qc4 Ne7 25. Qe4 Nd5 26. Bb4 Qxa2 27. Ra1 Qc4 28. Qxc4 Rxc4 29. Rxa7 Nxb4 30. cxb4 Rxb4 31. g3 g5 32. Rd1 Kg7 33. Rdd7 Rf8 34. Rab7 Kg6 35. Rd6 Kf5 36. Rdxb6 Rxb6 37. Rxb6 Kxe5 38. Rb4 Rd8 39. h4 Rd4 40. Rb5+ Kf6 41. hxg5+ hxg5 42. Kg2 g4 43. Ra5 Kg6 44. Re5 Rd6 45. Re2 Rd3 46. Re4 Kg5 47. Re5+ Kf6 48. Re4 Kg5 49. Re5+ Kf6 50. Re4 Rd8 51. Rc4 1/2-1/2

[Event "Navidad Barcelona IM1 2024"]
[Site "Barcelona"]
[Date "2024.12.28"]
[Round "4.4"]
[White "Garcia Ramos, Daniel"]
[Black "Villar Reymundo, Juan Antonio"]
[Result "1-0"]
[ECO "B32"]
[WhiteElo "2445"]
[BlackElo "2147"]
[Annotator "RC"]
[PlyCount "81"]
[EventDate "2024.12.26"]
[EventCountry "ESP"]
[SourceTitle "playchess.com"]
[Source "ChessBase"]
[SourceQuality "1"]
[TimeControl "5400+30"]

1. e4 c5 2. Nf3 Nc6 3. d4 cxd4 4. Nxd4 e5 5. Nb5 d6 6. c4 Be6 7. Be2 g6 8. N1c3 a6 9. Na3 Bg7 10. O-O Nf6 11. Be3 O-O 12. Nc2 Rc8 13. b3 Qa5 14. Na4 Nd7 15. Qe1 Qc7 16. Qd2 Rfd8 17. Rfd1 Nc5 18. Nc3 f5 19. Bg5 Ne7 20. exf5 gxf5 21. b4 Ne4 22. Nxe4 fxe4 23. Ne3 Qd7 24. h3 b5 25. cxb5 axb5 26. Ng4 Nf5 27. Bxd8 Qxd8 28. Rac1 Ra8 29. Bxb5 Rxa2 30. Qc3 Nd4 31. Bf1 h5 32. Ne3 d5 33. Ra1 Rxa1 34. Rxa1 Qg5 35. Qc7 Bxh3 36. Ra8+ Kh7 37. Qd8 Nf3+ 38. Kh1 Qf4 39. Qg8+ Kh6 40. Ra6+ Bf6 41. g3 1-0

[Event "Navidad Barcelona IM1 2024"]
[Site "Barcelona"]
[Date "2024.12.28"]
[Round "4.5"]
[White "Perez Perez, Gabriel"]
[Black "Zrikem, Nassim"]
[Result "1-0"]
[ECO "C28"]
[WhiteElo "2201"]
[BlackElo "2204"]
[Annotator "RC"]
[PlyCount "85"]
[EventDate "2024.12.26"]
[EventCountry "ESP"]
[SourceTitle "playchess.com"]
[Source "ChessBase"]
[SourceQuality "1"]
[TimeControl "5400+30"]

1. e4 e5 2. Bc4 Nf6 3. d3 Nc6 4. Nc3 d6 5. Nge2 Na5 6. h3 Nxc4 7. dxc4 c6 8. Qd3 Be6 9. O-O Nd7 10. b3 g5 11. Ba3 Nc5 12. Bxc5 dxc5 13. Qxd8+ Rxd8 14. g4 h5 15. f3 hxg4 16. hxg4 Rd2 17. Rac1 Rh3 18. Kf2 Bd7 19. a4 Be7 20. Rfd1 Rh2+ 21. Ke3 Rxd1 22. Nxd1 b5 23. axb5 cxb5 24. Ndc3 bxc4 25. bxc4 Bd8 26. Ra1 a5 27. Rb1 Rh3 28. Nd5 Bc6 29. Nec3 Rh2 30. Ne2 Kd7 31. Nb6+ Ke6 32. Nd5 a4 33. Rb8 Kd7 34. Rb1 Kd6 35. Rd1 Ke6 36. Ra1 Ba5 37. Kd3 Rh3 38. Ke3 Rh8 39. Nec3 Ra8 40. Nb5 Bxb5 41. cxb5 Kd6 42. Kd3 Bd8 43. Ra3 1-0

[Event "Navidad Barcelona IM1 2024"]
[Site "Barcelona"]
[Date "2024.12.28"]
[Round "5.1"]
[White "Zrikem, Nassim"]
[Black "Garcia-Castany Musellas, Gal.la"]
[Result "1/2-1/2"]
[ECO "C47"]
[WhiteElo "2204"]
[BlackElo "2205"]
[Annotator "RC"]
[PlyCount "23"]
[EventDate "2024.12.26"]
[EventCountry "ESP"]
[SourceTitle "playchess.com"]
[Source "ChessBase"]
[SourceQuality "1"]
[TimeControl "5400+30"]

1. e4 e5 2. Nf3 Nc6 3. Nc3 Nf6 4. a3 d5 5. exd5 Nxd5 6. Bb5 Nxc3 7. bxc3 Bd6 8. d4 exd4 9. Qe2+ Qe7 10. Qxe7+ Bxe7 11. cxd4 O-O 12. Bf4 1/2-1/2

[Event "Navidad Barcelona IM1 2024"]
[Site "Barcelona"]
[Date "2024.12.28"]
[Round "5.2"]
[White "Villar Reymundo, Juan Antonio"]
[Black "Perez Perez, Gabriel"]
[Result "1/2-1/2"]
[ECO "A05"]
[WhiteElo "2147"]
[BlackElo "2201"]
[Annotator "RC"]
[PlyCount "35"]
[EventDate "2024.12.26"]
[EventCountry "ESP"]
[SourceTitle "playchess.com"]
[Source "ChessBase"]
[SourceQuality "1"]
[TimeControl "5400+30"]

1. e4 e5 2. Nf3 Nc6 3. g3 Nf6 4. d3 g6 5. Bg2 Bg7 6. O-O O-O 7. Nc3 d6 8. h3 Nh5 9. Nd5 Ne7 10. d4 Nxd5 11. exd5 e4 12. Ng5 Nf6 13. Kh2 Nxd5 14. Nxe4 Nf6 15. Bg5 d5 16. Nxf6+ Bxf6 17. Bxf6 Qxf6 18. c3 1/2-1/2